 Dungeon Sprint DCSS version 0.31-a0-940-gdaa99269f9 (webtiles) character file.

Game seed: 6553660973453669966

4865 sircluck the Grappler (level 10, -5/117 HPs)
             Began as a Troll Berserker on Oct 20, 2023.
             Was the Champion of Trog.
             Slain by a tyrant leech (33 damage)
             ... in the Dungeon (Sprint VII: "The Pits").
             The game lasted 00:02:19 (1048 turns).

sircluck the Grappler (Troll Berserker)             Turns: 1048, Time: 00:02:19

Health: -5/117     AC:  4    Str: 34    XL:     10   Next: 26%
Magic:  9/9        EV: 14    Int:  3    God:    Trog [******]
Gold:   0          SH:  0    Dex: 12    Spells: 9/9 levels left

rFire   . .          .
                       - Unarmed
rCold   . . .        (no shield)
rNeg    . . .        a - +0 animal skin
rPois   .            (helmet restricted)
rElec   .            (no cloak)
rCorr   .            (gloves unavailable)
SInv    .            (boots unavailable)
Will    .....        (no amulet)
Stlth   +            k - +3 ring of strength
HPRegen 1.19/turn    n - +3 ring of dexterity
MPRegen 0.11/turn

%: no teleportation
@: no status effects
A: large, unfitting armour, claws 3, regeneration 1, shaggy fur 1, tough skin 1
a: Renounce Religion, Berserk, Trog's Hand, Brothers in Arms


You were in the Dungeon.
You worshipped Trog.
Trog was exalted by your worship.
You visited 1 branch

Inventory:

Armour
 a - a +0 animal skin (worn)
Jewellery
 k - a +3 ring of strength (left claw)
 n - a +3 ring of dexterity (right claw)
Scrolls
 g - a scroll of blinking
 i - 2 scrolls of vulnerability
 j - a scroll of butterflies
Potions
 b - 6 potions of curing
 c - 12 potions of heal wounds
 d - 2 potions of haste
 e - 4 potions of magic
 f - 3 potions of berserk rage
 h - 2 potions of invisibility
 l - 2 potions of might
 m - a potion of resistance


   Skills:
 + Level 12.4 Fighting
 + Level 12.2 Dodging
 + Level 14.4 Unarmed Combat


You had 9 spell levels left.
You didn't know any spells.
Your spell library was empty.

Dungeon Overview and Level Annotations

Branches:
Dungeon (1/1)

Altars:
Ashenzari
Cheibriados
Dithmenos
Elyvilon
Fedhas
Gozag
Hepliaklqana
Kikubaaqudgha
Makhleb
Nemelex Xobeh
Okawaru
Qazlal
Ru
Sif Muna
Trog
Uskayaw
Vehumet
Wu Jian
Xom
Yredelemnul
Zin
The Shining One
Jiyva
Lugonu


Innate Abilities, Weirdness & Mutations

You are too large for most types of armour.
You have claws for hands.
Your natural rate of healing is unusually fast.
You are covered in fur. (AC +1)
You have tough skin. (AC +1)


Message History

The floating eye's view fixates on you. The tyrant leech barely misses you.
The floating eye gazes piercingly through you!
You suddenly lose the ability to move!
The tyrant leech bites you!
The tyrant leech draws strength from your injuries!
The floating eye's view fixates on you. The tyrant leech bites you!
The tyrant leech draws strength from your injuries!
The floating eye gazes piercingly through you!
You shrug off the repeated paralysis!
The tyrant leech bites you!!
The tyrant leech draws strength from your injuries!
You can move again.
Unknown command.
You scratch the floating eye.
The floating eye is moderately wounded.
You eviscerate the floating eye!!!
You kill the floating eye!
Trog accepts your kill. The tyrant leech bites you!
The tyrant leech draws strength from your injuries!
You miss the tyrant leech. You closely miss the tyrant leech.
The tyrant leech closely misses you.
You claw the tyrant leech!
The tyrant leech is lightly wounded.
You closely miss the tyrant leech.
The tyrant leech is lightly wounded.
The tyrant leech closely misses you.
You mangle the tyrant leech!!
The tyrant leech is severely wounded.
The tyrant leech bites you!!
* * * LOW HITPOINT WARNING * * *
The tyrant leech draws strength from your injuries!
You miss the tyrant leech.
You claw the tyrant leech, but do no damage.
The tyrant leech is moderately wounded.
You mangle the tyrant leech!!
The tyrant leech is severely wounded.
The tyrant leech bites you!!
You die...

##.....##).##
##...###....### ...
##..##........###.###
##++#...#..#...#....#
##.............+....+
##''#...#..#...#....
##..##........###.##
##...###....###.w..#
##.....##..##.†.@.#
###.....'.)))....## #
###...'..))..### #
############


You could see a tyrant leech.

Vanquished Creatures
  A boulder beetle (D)
  A deep elf pyromancer (D)
  A cane toad (D)
  A komodo dragon (D)
  A polar bear (D)
  A merfolk (D)
  Prince Ribbit (D)
  A troll (D)
  3 tarantellas (D)
  A wind drake (D)
  A ynoxinul (D)
  A wraith (D)
  A wyvern (D)
  A small abomination (D)
  3 floating eyes (D)
  An orc warrior (D)
  A wolf (D)
  3 wights (D)
  A jelly (D)
  An orc priest (D)
  An iron imp (D)
  An orc wizard (D)
  An iguana (D)
  2 adders (D)
  3 river rats (D)
  3 orcs (D)
  A bat skeleton (D)
  2 endoplasms (D)
  A goblin (D)
  A kobold (D)
  A ball python (D)
  A jackal zombie (D)
  A rat (D)
45 creatures vanquished.

Vanquished Creatures (collateral kills)
  A guardian mummy (D)
  2 wights (D)
3 creatures vanquished.

Grand Total: 48 creatures vanquished

Notes
Turn   | Place    | Note
-------+----------+-------------------------------------------
     0 | D        | sircluck the Troll Berserker began the quest for the Orb.
     0 | D        | Reached XP level 1. HP: 22/22 MP: 0/0
    15 | D        | Reached XP level 2. HP: 31/31 MP: 1/1
    19 | D        | Found a bloodstained altar of Trog.
    19 | D        | Found a shimmering blue altar of Sif Muna.
    19 | D        | Found a viscous altar of Jiyva.
    19 | D        | Found a hazy altar of Hepliaklqana.
    19 | D        | Found an opulent altar of Gozag.
    20 | D        | Found a glowing golden altar of the Shining One.
    20 | D        | Found a glowing silver altar of Zin.
    20 | D        | Found a basalt altar of Yredelemnul.
    20 | D        | Found a shimmering altar of Xom.
    20 | D        | Found an ornate altar of the Wu Jian Council.
    20 | D        | Found a sacrificial altar of Ru.
    20 | D        | Found a stormy altar of Qazlal.
    20 | D        | Found an iron altar of Okawaru.
    20 | D        | Found a sparkling altar of Nemelex Xobeh.
    20 | D        | Found a burning altar of Makhleb.
    20 | D        | Found a blossoming altar of Fedhas.
    20 | D        | Found a white marble altar of Elyvilon.
    20 | D        | Found a shadowy altar of Dithmenos.
    20 | D        | Found a snail-covered altar of Cheibriados.
    23 | D        | Found a corrupted altar of Lugonu.
    23 | D        | Found a radiant altar of Vehumet.
    24 | D        | Found an ancient bone altar of Kikubaaqudgha.
    24 | D        | Found a hide-covered altar of Uskayaw.
    24 | D        | Found a broken altar of Ashenzari.
    61 | D        | Reached ** piety under Trog
    62 | D        | Reached skill level 4 in Unarmed Combat
    65 | D        | Noticed a floating eye
    66 | D        | Paralysed by a floating eye for 2 turns
    70 | D        | Killed a floating eye
    71 | D        | Reached skill level 5 in Fighting
    71 | D        | Reached skill level 5 in Dodging
    71 | D        | Reached skill level 6 in Unarmed Combat
    71 | D        | Reached XP level 3. HP: 42/42 MP: 2/2
    71 | D        | Reached XP level 4. HP: 50/50 MP: 3/3
    77 | D        | Reached *** piety under Trog
    83 | D        | Reached **** piety under Trog
    84 | D        | Reached XP level 5. HP: 58/58 MP: 4/4
   129 | D        | Noticed an orc warrior
   129 | D        | Noticed a floating eye
   150 | D        | Killed an orc warrior
   151 | D        | Reached skill level 7 in Unarmed Combat
   158 | D        | Noticed a wolf
   161 | D        | Reached XP level 6. HP: 42/68 MP: 5/5
   163 | D        | Reached ***** piety under Trog
   166 | D        | Reached skill level 8 in Unarmed Combat
   213 | D        | Paralysed by a floating eye for 2 turns
   216 | D        | Killed a floating eye
   217 | D        | Reached skill level 9 in Unarmed Combat
   219 | D        | Reached XP level 7. HP: 79/79 MP: 6/6
   233 | D        | Noticed a cane toad
   237 | D        | Killed a cane toad
   237 | D        | Received a gift from Trog
   238 | D        | Reached skill level 10 in Unarmed Combat
   276 | D        | Noticed Prince Ribbit
   301 | D        | Killed Prince Ribbit
   302 | D        | Reached XP level 8. HP: 80/92 MP: 7/7
   314 | D        | Noticed a boulder beetle
   354 | D        | Killed a boulder beetle
   355 | D        | Reached skill level 10 in Fighting
   355 | D        | Reached skill level 10 in Dodging
   355 | D        | Reached skill level 11 in Unarmed Combat
   493 | D        | Noticed a polar bear
   499 | D        | Reached skill level 12 in Unarmed Combat
   509 | D        | Killed a polar bear
   509 | D        | Reached ****** piety under Trog
   510 | D        | Reached XP level 9. HP: 56/102 MP: 8/8
   560 | D        | Noticed a komodo dragon
   572 | D        | Killed a komodo dragon
   575 | D        | Reached skill level 13 in Unarmed Combat
   576 | D        | Noticed a merfolk
   584 | D        | Killed a merfolk
   586 | D        | Received a gift from Trog
   734 | D        | Noticed a troll
   734 | D        | Noticed a wind drake
   737 | D        | Killed a wind drake
   740 | D        | Killed a troll
   942 | D        | Noticed a deep elf pyromancer
   942 | D        | Noticed a guardian mummy
   949 | D        | Killed a guardian mummy
   950 | D        | Reached XP level 10. HP: 102/115 MP: 9/9
   956 | D        | Killed a deep elf pyromancer
   956 | D        | Received a gift from Trog
   957 | D        | Reached skill level 14 in Unarmed Combat
  1036 | D        | Paralysed by a floating eye for 4 turns
  1048 | D        | Slain by a tyrant leech

Illustrated notes

Levels and vault maps discovered:
D:        pitsprint [storerooms_1, entrance_room_1, metal_vault_4, armoury_3,
          mini_pit_1, grid_room_1, main_hall_1, silver_pit, the_coven_2,
          the_vestibule_1, steel_vault_1, golden_pit, hallway_of_sentries,
          crystal_vault_6, iron_vault_4, final_vault]

Skill      XL: |  1  2  3  4  5  6  7  8  9 10 |
---------------+-------------------------------+-----
Fighting       | 3 5 6 7 9 10 11 12 | 12.4
Dodging        | 3 5 6 7 8 10 11 12 | 12.2
Unarmed Combat | 6 7 9 10 12 13 14 | 14.4

Action                     |  1- 3 |  4- 6 |  7- 9 | 10-12 || total
---------------------------+-------+-------+-------+-------++-------
  Melee: Unarmed           |     8 |    32 |    82 |    22 ||   144
         Punch             |       |     1 |     5 |     2 ||     8
 Invoke: Berserk           |       |       |     2 |     1 ||     3
         Brothers in Arms  |       |       |     1 |       ||     1
    Use: Potion            |       |       |     2 |       ||     2
   Stab: Sleeping          |       |       |     1 |       ||     1
 Armour: Animal skin       |     2 |    20 |    50 |    16 ||    88
  Dodge: Dodged            |     4 |    12 |    38 |     9 ||    63

Table legend: (Time is in decaauts)
 A = Elapsed time spent in this place.
 B = Non-inter-level travel time spent in this place.
 C = Inter-level travel time spent in this place.
 D = Time resting spent in this place.
 E = Time spent auto-exploring this place.
 F = Levels seen in this place.
 G = Mean time per level.
                   A        B        C        D        E       F      G
               +--------+--------+--------+--------+--------+-----+--------+
         Total |   1048 |   1048 |      0 |    488 |    249 |   1 | 1048.0 |
       Dungeon |   1048 |   1048 |      0 |    488 |    249 |   1 | 1048.0 |
               +--------+--------+--------+--------+--------+-----+--------+

Top non-repeatable levels by time:
       D: 1048 daAuts
